 Dungeon Crawl Stone Soup version 0.27-b1-42-g19c61b19a5 (webtiles) character file.

Game seed: 15467271326183507853

6454 sanka the Grappler (level 10, -4/100 HPs)
             Began as a Troll Monk on July 29, 2021.
             Was a Believer of Okawaru.
             Slain by an ice beast (8 damage)
             ... summoned by an ice statue
             ... on level 9 of the Dungeon.
             The game lasted 00:11:03 (7052 turns).

sanka the Grappler (Troll Monk)                     Turns: 7052, Time: 00:11:03

Health: -4/100     AC:  7    Str: 21    XL:     10   Next: 67%
Magic:  10/10      EV: 13    Int: 12    God:    Okawaru [**....]
Gold:   136        SH:  0    Dex: 15    Spells: 9/9 levels left

rFire    . . .     SeeInvis .     - Unarmed
rCold    . . .     Faith    .   (no shield)
rNeg     . . .     Spirit   .   k - +2 robe {Will+}
rPois    .         Reflect  .   (helmet restricted)
rElec    .         Harm     .   v - +0 cloak
rCorr    .         Rampage  .   (gloves unavailable)
Will     +....                  (boots unavailable)
Stlth    ++........             (no amulet)
HPRegen  1.26/turn              s - ring of wizardry
MPRegen  0.12/turn              r - +6 ring of intelligence

@: no status effects
A: large, unfitting armour, claws 3, regeneration 1, shaggy fur 1, tough skin 1
a: Renounce Religion, Heroism


You were on level 9 of the Dungeon.
You worshipped Okawaru.
Okawaru was pleased with you.
You visited 2 branches of the dungeon, and saw 10 of its levels.
You also visited: Sewer.

You collected 428 gold pieces.
You spent 292 gold pieces at shops.


Innate Abilities, Weirdness & Mutations

You are too large for most types of armour.
You have claws for hands.
Your natural rate of healing is unusually fast.
You are covered in fur. (AC +1)
You have tough skin. (AC +1)


   Skills:
 - Level 6.8 Fighting
 - Level 6.8 Dodging
 - Level 1.0 Stealth
 - Level 12.2 Unarmed Combat
 + Level 1.6 Invocations


You had 9 spell levels left.
You didn't know any spells.
Your spell library contained the following spells:

 Spells                   Type           Power      Damage    Failure   Level
 Animate Skeleton         Necr           0%         N/A       13%         1
 Apportation              Tloc           0%         N/A       13%         1
 Corona                   Hex            0%         N/A       13%         1
 Summon Small Mammal      Summ           0%         N/A       13%         1
 Ozocubu's Armour         Ice            0%         N/A       36%         3
 Metabolic Englaciation   Hex/Ice        0%         N/A       97%         5
 Simulacrum               Ice/Necr       0%         N/A       100%        6

Inventory:

Missiles
 h - 3 throwing nets {=f}
 i - 4 curare-tipped darts (quivered) {=f}
Armour
 k - a +2 robe of willpower (worn)
 v - a +0 cloak (worn)
Jewellery
 r - a +6 ring of intelligence (right claw)
 s - a ring of wizardry (left claw)
Wands
 q - a wand of paralysis (11)
 t - a wand of iceblast (31)
 u - a wand of digging (3)
Scrolls
 b - a scroll of summoning {unknown}
 c - 6 scrolls of teleportation {@r4}
 d - 3 scrolls of fog
 j - a scroll of torment {unknown}
 l - 6 scrolls of blinking
 n - 2 scrolls of vulnerability {!r}
 o - a scroll of magic mapping
 x - 2 scrolls of identify {@r1}
Potions
 a - 3 potions of heal wounds {unknown}
 e - 2 potions of resistance {unknown}
 f - 3 potions of curing {unknown}
 g - 2 potions of invisibility {unknown}
 m - 3 potions of mutation {unknown}
 p - 3 potions of might {unknown}
 w - a potion of lignification {unknown}
 z - a potion of degeneration {unknown}

Dungeon Overview and Level Annotations

Branches:
Dungeon (9/15)             Temple (1/1) D:6            Lair (0/6) D:9
  Sewer (visited)
    Orc: D:9-12

Altars:
Ashenzari
Cheibriados
Dithmenos
Elyvilon
Fedhas
Gozag
Hepliaklqana
Kikubaaqudgha
Makhleb
Nemelex Xobeh
Okawaru
Qazlal
Ru
Sif Muna
Trog
Uskayaw
Vehumet
Wu Jian
Xom
Yredelemnul
Zin
The Shining One

Shops:
D:2 ?*   D:7 ?

Annotations:
D:9 exclusion: ice statue

▒▒.......▒
▒▒..............
▒▒▒........▒
▒▒..>..........
▒▒▒..........▒▒
▒.............
....▒▒▒▒▒▒....▒
▒▒▒............. .▒▒▒▒
▒....▒▒▒▒...............
▒▒
▒.......................
▒▒.....▒▒▒.....▒...(.....
▒▒......▒8▒..▒▒▒▒▒▒.......
▒...▒▒▒▒▒T▒.▒▒ ▒▒......
▒▒..▒▒ ▒▒Y▒▒▒ ▒......
▒▒..▒▒ ▒☼.°▒ .......
▒▒▒.▒▒▒ ▒▒..☼▒▒ ..[..
▒▒...▒ ▒▒▒.°...▒▒▒ ....
▒▒.▒▒▒▒▒▒▒▒.........▒
▒▒.....................
▒.......................
▒...▒▒▒▒▒▒▒▒▒▒▒▒▒▒▒▒▒▒▒▒


You could see an ice statue and an ice beast (summoned).


Message History

You are engulfed in freezing vapours.
* * * LOW HITPOINT WARNING * * *
You scratch the ice statue but do no damage.
The ice statue is lightly damaged.
You are engulfed in freezing vapours.
* * * LOW HITPOINT WARNING * * *
You claw the ice statue!
The ice statue is moderately damaged.
You are engulfed in freezing vapours.
* * * LOW HITPOINT WARNING * * *
You mangle the ice statue!!
The ice statue is heavily damaged.
You are engulfed in freezing vapours.
* * * LOW HITPOINT WARNING * * *
The ice statue gestures.
Unknown command.
You claw the ice statue!
The ice statue is severely damaged.
The ice statue gestures at you. The bolt of cold misses you.
The bolt of cold hits the ice beast.
The ice beast completely resists.
Unknown command.
Unknown command.
You scratch the ice statue.
The ice statue is severely damaged.
The ice beast hits you.
* * * LOW HITPOINT WARNING * * *
The ice beast freezes you!
You die...

Action                   |  1- 3 |  4- 6 |  7- 9 | 10-12 || total
-------------------------+-------+-------+-------+-------++-------
Melee: Unarmed           |    67 |   132 |   240 |   130 ||   569
       Punch             |     1 |     2 |    19 |    10 ||    32
Throw: Dart              |     2 |       |       |     1 ||     3
  Use: Scroll            |       |       |       |     6 ||     6
 Stab: Sleeping          |     4 |     3 |     6 |       ||    13
       Distracted        |       |       |     1 |       ||     1
Armor: Robe              |    28 |    31 |    73 |    43 ||   175
Dodge: Dodged            |    40 |    42 |   103 |    86 ||   271

Levels and vault maps discovered:
D:1:      lightli_arrival_flooded_house, layout_loops_ring,
          chequers_ecumenical_altar_grove
D:2:      minmay_evil_eye, layout_rooms, serial_shops,
          nicolae_shop_behind_doors, shop, basic_altar,
          chequers_serial_rivers_micro_e, uniq_jessica, uniq_sigmund
D:3:      layout_rooms, nicolae_overflow_crystal_walls, portal_sewer_entry_f,
          uniq_terence, uniq_robin
D:4:      layout_loops_ring, makhleb_altar_promises_db, uniq_crazy_yiuf_cottage
D:5:      layout_cave_pods, kiku_gazebo_garden_becter, lemuel_crystal_altar,
          grunt_gozag_statues, kennysheep_generic_room_10, uniq_prince_ribbit1
D:6:      minmay_inner_zag, layout_basic, minmay_temple_entry_slanted,
          ebering_ghost_gozag, kb_rosetta, uniq_pikel
D:7:      layout_loops_ring, overflow_temple_1_default, kennysheep_mini,
          kennysheep_windowed_goal, uniq_joseph
D:8:      layout_basic, kennysheep_mini_moat
D:9:      minmay_statue_hallways, layout_layer_cave,
          mainiacjoe_overflow_concentric_impassable, lair_entry_dummy,
          mrwooster_statue_mirror
Temple:   cyrus_circular_temple

Notes
Turn   | Place    | Note
-------+----------+-------------------------------------------
     0 | D:1      | sanka the Troll Monk began the quest for the Orb.
     0 | D:1      | Reached XP level 1. HP: 22/22 MP: 0/0
    97 | D:1      | Reached XP level 2. HP: 29/29 MP: 1/1
   243 | D:1      | Reached skill level 4 in Unarmed Combat
   246 | D:1      | Found a faded altar of an unknown god.
   765 | D:2      | Reached XP level 3. HP: 36/36 MP: 2/2
   794 | D:2      | Noticed Sigmund
   795 | D:2      | Found Loso's General Store.
   959 | D:2      | Found a glowing golden altar of the Shining One.
   977 | D:2      | Noticed Jessica
   982 | D:2      | Killed Jessica
  1042 | D:2      | Found Gali's Magic Scroll Emporium.
  1062 | D:2      | Killed Sigmund
  1063 | D:2      | Reached skill level 6 in Unarmed Combat
  1063 | D:2      | Reached XP level 4. HP: 30/44 MP: 3/3
  1063 | D:2      | Reached XP level 5. HP: 35/50 MP: 4/4
  1455 | D:3      | Reached XP level 6. HP: 38/59 MP: 5/5
  1473 | D:3      | Reached skill level 7 in Unarmed Combat
  1500 | D:3      | Found a basalt altar of Yredelemnul.
  1553 | D:3      | Noticed Robin
  1586 | D:3      | Killed Robin
  1756 | D:3      | Found a glowing drain.
  1769 | Sewer    | Entered a sewer
  1963 | Sewer    | Reached skill level 8 in Unarmed Combat
  1963 | Sewer    | Reached XP level 7. HP: 65/66 MP: 6/6
  2335 | D:3      | Noticed Terence
  2343 | D:3      | Killed Terence
  2344 | D:3      | Reached skill level 9 in Unarmed Combat
  2661 | D:4      | Reached XP level 8. HP: 20/74 MP: 7/7
  2804 | D:4      | Reached skill level 10 in Unarmed Combat
  2906 | D:4      | Reached skill level 3 in Fighting
  2906 | D:4      | Reached skill level 3 in Dodging
  3131 | D:4      | Found a runed translucent door.
  3132 | D:4      | Noticed Crazy Yiuf
  3195 | D:4      | Found a burning altar of Makhleb.
  3197 | D:4      | Noticed an Executioner
  3400 | D:4      | Killed Crazy Yiuf
  3439 | D:5      | Entered Level 5 of the Dungeon
  3468 | D:5      | Found an ancient bone altar of Kikubaaqudgha.
  3555 | D:5      | Noticed Prince Ribbit
  3566 | D:5      | Killed Prince Ribbit
  3745 | D:5      | Found a white marble altar of Elyvilon.
  4071 | D:5      | Found an opulent altar of Gozag.
  4400 | D:6      | Reached skill level 4 in Fighting
  4416 | D:6      | Reached skill level 4 in Dodging
  4431 | D:6      | Reached XP level 9. HP: 82/84 MP: 8/8
  4466 | D:6      | Found a staircase to the Ecumenical Temple.
  4475 | D:6      | Noticed Pikel
  4484 | D:6      | Killed Pikel
  4485 | D:6      | Reached skill level 11 in Unarmed Combat
  4489 | Temple   | Entered the Ecumenical Temple
  4582 | D:6      | Found a runed translucent gate.
  4582 | D:6      | Found a runed translucent gate.
  4784 | D:6      | Found an opulent altar of Gozag.
  4784 | D:6      | Found a runed translucent gate.
  4786 | D:6      | Noticed groll's ghost (novice MiBe)
  4849 | D:6      | Reached skill level 5 in Fighting
  4862 | D:6      | Killed groll's ghost
  4863 | D:6      | Reached skill level 5 in Dodging
  4925 | D:7      | Found a glowing silver altar of Zin.
  5034 | D:7      | Noticed Joseph
  5047 | D:7      | Killed Joseph
  5048 | D:7      | Reached XP level 10. HP: 78/98 MP: 9/9
  5082 | D:7      | Found a bloodstained altar of Trog.
  5091 | D:7      | Noticed a two-headed ogre
  5098 | D:7      | Killed a two-headed ogre
  5099 | D:7      | Reached skill level 6 in Fighting
  5099 | D:7      | Reached skill level 6 in Dodging
  5199 | D:7      | Identified the +1 ring mail of Sloth {Will+ Str+2 Stlth-}
  5289 | D:7      | Found Gapi's Magic Scroll Emporium.
  5308 | D:7      | Bought a scroll of blinking for 97 gold pieces
  5308 | D:7      | Bought 2 scrolls of blinking for 195 gold pieces
  5698 | D:8      | Reached skill level 12 in Unarmed Combat
  5965 | D:8      | Found a hazy altar of Hepliaklqana.
  6471 | D:9      | Found a staircase to the Lair.
  6575 | D:9      | Found an iron altar of Okawaru.
  6665 | D:9      | Became a worshipper of Warmaster Okawaru
  6665 | D:9      | Reached * piety under Okawaru
  6665 | D:9      | Reached ** piety under Okawaru
  6981 | D:9      | Reached skill level 1 in Invocations
  7041 | D:9      | Noticed an ice statue
  7050 | D:9      | HP: 4/100 [ice statue] (13)]
  7052 | D:9      | Slain by an ice beast

Vanquished Creatures
  A two-headed ogre (D:7)
  Pikel (D:6)
  The ghost of groll the Chopper, a novice MiBe of Trog (D:6)
  Joseph (D:7)
  A troll (D:9)
  Prince Ribbit (D:5)
  Sigmund (D:2)
  2 wyverns
  2 water moccasins
  An ice beast (D:6)
  2 orc warriors
  2 black bears
  A hornet zombie (D:7)
  A necrophage (D:8)
  4 ogres
  6 centaurs
  5 kobold brigands
  A bullfrog (D:8)
  A scorpion (D:6)
  A wyvern skeleton (D:7)
  7 killer bees
  5 wights (D:7)
  A centaur zombie (D:9)
  2 hounds
  2 gnoll shamans
  A jelly (D:6)
  A centaur skeleton (D:6)
  5 orc priests
  Crazy Yiuf (D:4)
  2 iguanas
  Terence (D:3)
  Jessica (D:2)
  3 bullfrog skeletons (D:6)
  3 orc wizards
  A hound skeleton (D:5)
  Robin (D:3)
  7 adders
  9 gnolls
  2 river rats (Sewer)
  2 shadow imps
  A white imp (D:6)
  An adder skeleton (D:4)
  5 worms
  4 dart slugs
  24 orcs
  6 bats
  8 endoplasms
  5 giant cockroaches
  16 goblins
  12 hobgoblins
  2 jackals (D:4)
  5 quokkas
  10 ball pythons
  2 frilled lizards (D:1)
  15 kobolds
  2 rats (D:1)
211 creatures vanquished.
